 Dungeon Crawl Stone Soup version 0.29.1-12-g30fa7ad0bf (webtiles) character file.

Game seed: 17318025859000087648

30 Peloso the Shield-Bearer (level 3, -1/33 HPs)
             Began as a Minotaur Fighter on Dec 29, 2022.
             Hit by a boomerang thrown by a hobgoblin (4 damage)
             ... on level 2 of the Dungeon.
             The game lasted 00:03:36 (774 turns).

Peloso the Shield-Bearer (Minotaur Fighter)          Turns: 774, Time: 00:03:37

Health: -1/33      AC: 15    Str: 19    XL:     3   Next: 5%
Magic:  2/2        EV:  9    Int:  9    God:
Gold:   83         SH:  4    Dex: 10    Spells: 2/2 levels left

rFire   . . .      SeeInvis .   a - +0 long sword
rCold   . . .      Faith    .   c - +0 buckler
rNeg    . . .      Spirit   .   b - +1 scale mail
rPois   +          Reflect  .   (helmet restricted)
rElec   .          Harm     .   f - +2 cloak
rCorr   .          Rampage  .   (no gloves)
Will    +....                   (no boots)
Stlth   ..........              (no amulet)
HPRegen 0.11/turn               e - ring of poison resistance
MPRegen 0.08/turn               l - +4 ring of protection

@: no status effects
A: horns 2, retaliatory headbutt, clever 1, strong-willed 1, MP-powered wands
a: no special abilities


You were on level 2 of the Dungeon.
You visited 1 branch of the dungeon, and saw 2 of its levels.

You collected 83 gold pieces.

Inventory:

Hand Weapons
 a - a +0 long sword (weapon)
Armour
 b - a +1 scale mail (worn)
 c - a +0 buckler (worn)
 f - a +2 cloak (worn)
Jewellery
 e - a ring of poison resistance (left hand)
 l - a +4 ring of protection (right hand)
Potions
 d - a potion of might


   Skills:
 + Level 4.0 Fighting
 + Level 3.0 Long Blades
 + Level 4.0 Armour
 + Level 0.1 Dodging
 + Level 4.1 Shields


You had 2 spell levels left.
You didn't know any spells.
Your spell library was empty.

Dungeon Overview and Level Annotations

Branches:
Dungeon (2/15)

Altars:

Shops:
D:1 !


Innate Abilities, Weirdness & Mutations

You have a pair of horns on your head.
You reflexively headbutt those who attack you in melee.
Your mind is acute. (Int +4, Str/Dex -1)
You are strong-willed. (Will+)
You expend magic power (3 MP) to strengthen your wands.


Message History

The orc priest shouts!
Your headbutt misses the adder. The adder bites you but does no damage.
You hit the adder.
The adder is heavily wounded.
The adder bites you but does no damage. You block the adder's attack.
You miss the adder. Your headbutt misses the adder.
The adder is heavily wounded.
The adder bites you but does no damage. The adder barely misses you.
You hit the adder but do no damage.
The adder is heavily wounded.
The adder bites you but does no damage.
You barely miss the adder.
The adder is heavily wounded.
The adder completely misses you. The adder bites you.
You miss the adder.
The adder is heavily wounded.
The adder bites you but does no damage.
You hit the adder but do no damage. Your headbutt misses the adder.
The adder is heavily wounded.
The adder bites you. The adder bites you but does no damage.
You miss the adder.
The adder is heavily wounded.
The adder bites you but does no damage.
The orc priest calls down the wrath of Beogh upon you.
Beogh smites you! The adder barely misses you. You furiously retaliate!
You headbutt the adder. You closely miss the adder.
The adder is almost dead.
The adder bites you but does no damage.
You completely miss the adder.
You headbutt the adder, but do no damage.
The adder is almost dead.
You block the adder's attack. The adder closely misses you.
You furiously retaliate!
You headbutt the adder!
You kill the adder!
The orc priest invokes the aid of Beogh against you.
Beogh smites you!
* * * LOW HITPOINT WARNING * * *
The hobgoblin throws a boomerang.
The boomerang hits you.
You die...

#.#**,**,,* *,,************
..,,,,,*,** **,,,,******* *
##*,**,,,* *,,,,,,,>,,,* *
.,,,,*,*,*********,*,*,**,**,*
*,**,,,*,,,,,,,,,,,*,*,**,**,*
,,,*,*.#,***********,*,**,**,****
,*,..*...#### *,,,,*,,,,,,,,
,,,#.#,#.#.<########o#..****,****
*,**...*.....##.@†goo...* *,*
.,,,,#.#,#....#.####o##.* *,*
##*,**...#....#.# *,**,****,*
..,,,..#.#....#.# *,,,,,,,,,*
#.###.##........# ****,******
,........#..##### *,*
###.###.##.## *,* ....# #.#..#
*,* #...# #)#..# ********,*


You could see an orc priest, 3 orcs and a hobgoblin.

Vanquished Creatures
  An adder (D:2)
  3 endoplasms (D:1)
  A giant cockroach (D:1)
  5 goblins
  4 hobgoblins (D:1)
  A kobold (D:1)
  A quokka (D:1)
  3 ball pythons (D:1)
  4 bats
  2 frilled lizards (D:1)
  4 rats (D:1)
29 creatures vanquished.

Notes
Turn   | Place    | Note
-------+----------+-------------------------------------------
     0 | D:1      | Peloso the Minotaur Fighter began the quest for the Orb.
     0 | D:1      | Reached XP level 1. HP: 19/19 MP: 0/0
    36 | D:1      | Found Esmeiloy's Distillery.
   161 | D:1      | Found a faded altar of an unknown god.
   259 | D:1      | Reached XP level 2. HP: 27/27 MP: 1/1
   667 | D:1      | Gained mutation: Your mind is acute. (Int +4, Str/Dex -1)
                  | [potion of mutation]
   667 | D:1      | Gained mutation: You expend magic power (3 MP) to
                  | strengthen your wands. [potion of mutation]
   667 | D:1      | Gained mutation: You are strong-willed. (Will+) [potion of
                  | mutation]
   701 | D:2      | Reached XP level 3. HP: 33/33 MP: 2/2
   774 | D:2      | Hit by a boomerang thrown by a hobgoblin

Illustrated notes

Levels and vault maps discovered:
D:1:      minmay_arrival_shoal_huts, layout_basic,
          shapermc_ecumenical_altar_acropolis, serial_shops,
          nicolae_shop_window_shopping
D:2:      layout_loops_ring, basic_altar, nicolae_concentric_dashed_squares_mild

Skill      XL: |  1  2  3 |
---------------+----------+-----
Shields        | 4 |  4.1
Fighting       | 4 |  4.0
Armour         | 4 |  4.0
Long Blades    | 3 |  3.0
Dodging        | |  0.1

Action                   || total
-------------------------++-------
Melee: Long sword        ||    81
       Headbutt          ||    12
  Use: Scroll            ||     6
       Potion            ||     2
Armor: Scale mail        ||    44
Dodge: Dodged            ||    52
Block: Buckler           ||    29
